 Dungeon Crawl Stone Soup version 0.29-a0-371-g91724d5b39 (webtiles) character file.

Game seed: 16576516409577120178

2189 snetch the Magician (level 9, -3/53 HPs)
             Began as a Djinni Fire Elementalist on May 2, 2022.
             Was an Elder of Hepliaklqana.
             Slain by a gargoyle
             ... wielding a +0 mace
              (11 damage)
             ... on level 7 of the Dungeon.
             The game lasted 00:19:47 (6311 turns).

snetch the Magician (Djinni Fire Elementalist)      Turns: 6311, Time: 00:19:48

Health: -3/53      AC: 13    Str:  7    XL:     9   Next: 59%
Gold:   338        EV: 12    Int: 21    God:    Hepliaklqana [****..] SH:  0 Dex: 14

rFire   + + .      SeeInvis .   n - +0 long sword
rCold   x . .      Faith    .   (no shield)
rNeg    . . .      Spirit   .   G - +0 troll leather armour {Pargi}
rPois   ∞          Reflect  .   s - +0 helmet
rElec   .          Harm     .   J - +0 cloak
rCorr   +          Rampage  .   (no gloves)
Will    .....                   (boots unavailable)
Stlth   ++........              (no amulet)
HPRegen 0.97/turn               y - ring of resist corrosion
MPRegen 0.00/turn               (no ring)

@: ice-armoured, flying
A: reduced essence, sickness immunity, fire resistance 2, cold vulnerability 1,
float, innate caster, HP casting, extra vitality 1
a: Renounce Religion, Recall Ancestor, Ancestor Identity, Transference, Idealise


You were on level 7 of the Dungeon.
You worshipped Hepliaklqana.
Hepliaklqana was greatly pleased with you.
You visited 2 branches of the dungeon, and saw 8 of its levels.
You also visited: Sewer.

You collected 338 gold pieces.

Inventory:

Hand Weapons
 a - a +0 war axe
 k - a +0 quarterstaff
 n - a +0 long sword (weapon)
 I - a +0 glaive
 L - a +1 dagger of draining
 N - a +2 flail of draining
 O - a +0 halberd
 P - a +0 trident
 S - a +1 flail of distortion
Missiles
 h - 143 stones
 w - 3 poisoned darts
Armour
 c - a +0 ring mail
 o - a +0 kite shield
 p - a +0 plate armour
 s - a +0 helmet (worn)
 C - a +0 scale mail
 G - a +0 troll leather armour (worn) {Pargi}
 J - a +0 cloak (worn)
 Q - a +0 chain mail
 V - a scarf of repulsion
Magical Staves
 i - a staff of earth
Jewellery
 y - a ring of resist corrosion (left hand)
 M - a ring of fire
Wands
 f - a wand of paralysis (10)
 T - a wand of digging (2)
 U - a wand of mindburst (19)
Scrolls
 b - 2 scrolls of noise {unknown}
 e - 3 scrolls of magic mapping {unknown}
 g - 2 scrolls of enchant armour {unknown}
 j - 5 scrolls of teleportation {unknown}
 m - 5 scrolls of identify {unknown}
 r - 2 scrolls of fog {unknown}
 t - a scroll of enchant weapon {unknown}
 z - 2 scrolls of vulnerability {unknown}
 B - a scroll of immolation {unknown}
 D - 3 scrolls of fear {unknown}
 R - 2 scrolls of summoning {unknown}
Potions
 d - a potion of invisibility {unknown}
 l - 4 potions of lignification {unknown}
 q - 2 potions of degeneration {unknown}
 u - a potion of might {unknown}
 v - 2 potions of mutation {unknown}
 x - 2 potions of haste {unknown}
 A - 4 potions of curing {unknown}
 E - 2 potions of heal wounds {unknown}
 F - 3 potions of resistance {unknown}
 H - 2 potions of magic {unknown}
 K - a potion of flight {unknown}


   Skills:
 + Level 2.7 Fighting
 + Level 4.1 Armour
 + Level 3.9 Dodging
 + Level 4.4 Stealth
 + Level 7.6 Spellcasting


You had one spell level left.
You knew the following spells:

 Your Spells              Type           Power      Damage    Failure   Level
a - Foxfire               Conj/Fire      100%       2x1d9     1%          1
b - Scorch                Fire           80%        2d9       1%          2
c - Conjure Flame         Conj/Fire      40%        6-21      1%          3
d - Inner Flame           Hex/Fire       40%        N/A       1%          3
e - Flame Wave            Conj/Fire      40%        2d9       5%          4
f - Shock                 Conj/Air       100%       1d9       1%          1
g - Static Discharge      Conj/Air       40%        N/A       1%          2
h - Swiftness             Air            40%        N/A       1%          3
i - Ozocubu's Armour      Ice            40%        N/A       1%          3
Your spell library was empty.

Dungeon Overview and Level Annotations

Branches:
Dungeon (7/15)             Temple (1/1) D:4           Sewer (visited)

Altars:
Ashenzari
Cheibriados
Dithmenos
Elyvilon
Fedhas
Gozag
Hepliaklqana
Kikubaaqudgha
Makhleb
Nemelex Xobeh
Okawaru
Qazlal
Ru
Sif Muna
Trog
Uskayaw
Vehumet
Wu Jian
Xom
Yredelemnul
Zin
The Shining One


Innate Abilities, Weirdness & Mutations

Your life essence is reduced to manifest your ancestor. (-10% HP)
You are immune to sickness and miasma.
You are immune to poison.
Your flesh is very heat resistant. (rF++)
You are vulnerable to cold. (rC-)
You float through the air rather than walking.
You learn spells naturally, not from books.
Your magical power is your life essence.
You have superior vitality. (+4 MHP)


Message History

You fly downwards.
The hatch slams shut behind you. The gargoyle hits you with a +0 mace!
The purple ugly thing gurgles horribly!
The yak bellows!
Found seven items.
You see here a book of Alchemy.
Unknown command.
Casting: Foxfire (safe; 1% risk of failure)
Confirm with . or Enter, or press ? or * to list all spells.
A film of ice covers your body!
The centaur shouts!
The two-headed ogre shouts in stereo! x2
Aula barely misses the gargoyle.
The yak gores you but does no damage. The gargoyle closely misses you.
The purple ugly thing punches you!
Unknown command.
Casting: Ozocubu's Armour (safe; 1% risk of failure)
Confirm with . or Enter, or press ? or * to list all spells.
Casting: Flame Wave (dangerous; 5% risk of failure)
Press: ? - help, Dir - look around, f - activate A wave of flame ripples out!
Aula avoids your attack.
The flame wave engulfs the purple ugly thing.
The purple ugly thing is lightly wounded.
The flame wave engulfs the gargoyle but does no damage.
The flame wave engulfs the yak!
The yak is moderately wounded. (Press . to intensify the flame waves.) Aula barely misses the gargoyle.
The yak gores you! The gargoyle barely misses you.
The purple ugly thing punches you!
* * * LOW HITPOINT WARNING * * *
Unknown command.
A wave of flame ripples out!
Aula avoids your attack.
The flame wave engulfs the purple ugly thing!
The purple ugly thing is moderately wounded.
The flame wave engulfs the gargoyle but does no damage.
The flame wave engulfs the yak!
The yak is heavily wounded.
The flame wave engulfs the two-headed ogre!
The two-headed ogre is moderately wounded.
* * * LOW HITPOINT WARNING * * *
Aula hits the gargoyle with a +0 quarterstaff.
The yak gores you but does no damage. The gargoyle hits you with a +0 mace!
You die...

......<#
.......+ .
.......# #.
.......# .#
.......# .#
.......#
##.##
..)....#
#...#
.......#
##u..#
.......#
#R@#
.......#
#.9Y#
.........
###O#
..........
OJ
#######....
#c9 ....
... ####


You could see the friendly Aula the battlemage, a purple ugly thing, a slime
creature, 2 two-headed ogres, a yak, 2 gargoyles and a centaur.

Vanquished Creatures
  Menkaure (D:4)
  An ice beast (D:6)
  The ghost of qwertyui the Skirmisher, an amateur DrBe of Trog (D:4)
  An ogre (D:5)
  A centaur (D:7)
  2 phantoms (D:4)
  3 scorpions (D:5)
  2 hounds
  A jelly (D:6)
  2 iguanas (D:5)
  Natasha (thrice) (D:2)
  A bullfrog simulacrum (D:4)
  Robin (D:2)
  A gnoll (D:5)
  5 adders
  3 white imps
  An ufetubus (D:5)
  2 worms (D:5)
  A dart slug (D:3)
  7 orcs
  10 endoplasms
  10 goblins
  11 hobgoblins
  A quokka (D:4)
  4 ball pythons
  3 frilled lizards (D:3)
  A kobold (D:1)
  A quokka simulacrum (D:4)
  5 rats
86 creatures vanquished.

Vanquished Creatures (collateral kills)
  Pargi (Sewer)
  An ice beast (D:6)
  An ogre (D:5)
  A phantom (D:6)
  A centaur (D:6)
  2 necrophages
  A bullfrog (D:6)
  A scorpion (D:6)
  A crimson imp (D:6)
  2 hounds
  3 iguanas
  An orc wizard (D:5)
  2 gnolls (D:5)
  8 adders
  A hound simulacrum (D:4)
  A shadow imp (D:7)
  A worm (D:3)
  An adder simulacrum (D:4)
  4 orcs
  A bat (D:3)
  3 endoplasms (D:4)
  A giant cockroach (D:4)
  3 goblins
  2 hobgoblins (D:3)
  5 ball pythons (Sewer)
  2 frilled lizards
  4 foxfires (D:2)
55 creatures vanquished.

Vanquished Creatures (others)
  198 foxfires
198 creatures vanquished.

Grand Total: 339 creatures vanquished

Notes
Turn   | Place    | Note
-------+----------+-------------------------------------------
     0 | D:1      | snetch the Djinni Fire Elementalist began the quest for the
                  | Orb.
     0 | D:1      | Reached XP level 1. HP: 15/15 MP: 0/0
    26 | D:2      | Reached XP level 2. HP: 11/21 MP: 0/0
   340 | D:1      | Reached skill level 3 in Spellcasting
   373 | D:1      | Found a faded altar of an unknown god.
   384 | D:1      | Prayed at the altar of an unknown god.
   384 | D:1      | Became a worshipper of Hepliaklqana the Forgotten
   384 | D:1      | Reached * piety under Hepliaklqana
   451 | D:1      | Reached XP level 3. HP: 20/22 MP: 0/0
   451 | D:1      | Learned a level 1 spell: Shock
   865 | D:2      | Noticed Natasha
   869 | D:2      | Killed Natasha
   872 | D:2      | Reached XP level 4. HP: 22/27 MP: 0/0
   881 | D:2      | Noticed Robin
   889 | D:2      | Killed Robin
   977 | D:2      | Noticed Natasha
   980 | D:2      | Killed Natasha
   981 | D:2      | Reached XP level 5. HP: 11/31 MP: 0/0
   981 | D:2      | Learned a level 2 spell: Static Discharge
  1272 | D:2      | Noticed Natasha
  1277 | D:2      | Killed Natasha
  1381 | D:2      | Reached skill level 4 in Spellcasting
  1906 | D:3      | Reached ** piety under Hepliaklqana
  1907 | D:3      | Remembered your ancestor Aula as a battlemage
  2388 | D:4      | Noticed Menkaure
  2391 | D:4      | Found a staircase to the Ecumenical Temple.
  2397 | D:4      | Killed Menkaure
  2398 | D:4      | Reached skill level 1 in Armour
  2398 | D:4      | Reached XP level 6. HP: 10/36 MP: 0/0
  2440 | D:4      | Noticed qwertyui's ghost (amateur DrBe)
  2466 | D:4      | Reached XP level 7. HP: 13/40 MP: 0/0
  2466 | D:4      | Learned a level 3 spell: Swiftness
  2484 | D:4      | Found a runed translucent gate.
  2484 | D:4      | Found a runed translucent gate.
  2485 | D:4      | Found a runed translucent gate.
  2499 | D:4      | Reached skill level 5 in Spellcasting
  2545 | D:4      | Found a glowing drain.
  2554 | Sewer    | Entered a sewer
  2628 | Sewer    | Noticed Pargi
  2634 | Sewer    | Killed Pargi
  3126 | D:3      | Reached *** piety under Hepliaklqana
  3461 | D:5      | Entered Level 5 of the Dungeon
  4157 | D:4      | Killed qwertyui's ghost
  4158 | D:4      | Reached skill level 1 in Fighting
  4158 | D:4      | Reached XP level 8. HP: 19/46 MP: 0/0
  4287 | Temple   | Entered the Ecumenical Temple
  4778 | D:5      | Reached skill level 6 in Spellcasting
  4961 | D:5      | Reached XP level 9. HP: 52/52 MP: 0/0
  4961 | D:5      | Learned a level 3 spell: Ozocubu's Armour
  5441 | D:6      | Reached skill level 7 in Spellcasting
  5493 | D:6      | Reached **** piety under Hepliaklqana
  5979 | D:6      | Identified the +2 pair of boots of the Elephant {rElec}
  6099 | D:6      | Found a shadowy altar of Dithmenos.
  6308 | D:7      | Noticed a purple ugly thing
  6308 | D:7      | Noticed a gargoyle
  6308 | D:7      | Noticed a two-headed ogre
  6308 | D:7      | Noticed a two-headed ogre
  6308 | D:7      | Noticed a slime creature
  6308 | D:7      | Noticed a gargoyle
  6311 | D:7      | Slain by a gargoyle

Illustrated notes

Levels and vault maps discovered:
D:1:      dpeg_arrival_line_fractal, layout_rooms,
          hellmonk_ecumenical_altar_pennies_from_heaven
D:2:      layout_basic, serial_bayou_pond_b, dreamdust_princess_bridge,
          hangedman_decor_peaks_small, uniq_robin, uniq_natasha
D:3:      layout_loops_ring, minmay_misc_feat_roman, corexii_hall_statues_i
D:4:      layout_layer_cave, temple_statues, portal_sewer_entry_d,
          gammafunk_ghost_icy, uniq_menkaure
D:5:      layout_rooms
D:6:      layout_basic, grunt_dithmenos_shadows, minmay_fire_ice_demons
D:7:      minmay_the_grid_triangle_9x9_rhombus_full
          [minmay_the_grid_triangle_9x9_cache,
          minmay_the_grid_triangle_9x9_intruding_spiral,
          minmay_the_grid_triangle_9x9_pentomino_pain,
          minmay_the_grid_triangle_9x9_subtriangle,
          minmay_the_grid_triangle_9x9_negative_grid,
          minmay_the_grid_triangle_9x9_wacky_v,
          minmay_the_grid_triangle_9x9_alien,
          minmay_the_grid_triangle_9x9_prize_schism], layout_gridville,
          nrook_uturn
Temple:   mainiacjoe_temple_trianglar_array

Skill      XL: |  1  2  3  4  5  6  7  8  9 |
---------------+----------------------------+-----
Spellcasting   | 3 4 5 6 7 |  7.6
Stealth        | 2 3 4 |  4.4
Armour         | 1 2 3 4 |  4.1
Dodging        | 3 |  3.9
Fighting       | 1 2 |  2.7

Action                   |  1- 3 |  4- 6 |  7- 9 || total
-------------------------+-------+-------+-------++-------
Melee: Unarmed           |     1 |       |       ||     1
       Long sword        |     1 |    12 |    80 ||    93
       Punch             |       |       |     1 ||     1
 Cast: Foxfire           |    34 |    44 |    41 ||   119
       Scorch            |       |     3 |    28 ||    31
       Ozocubu's Armour  |       |       |     1 ||     1
       Flame Wave        |       |       |     1 ||     1
Invok: Recall Ancestor   |       |     1 |       ||     1
       Ancestor Life: Ba |       |     1 |       ||     1
 Stab: Sleeping          |       |     2 |     3 ||     5
       Distracted        |       |       |     1 ||     1
Armor: Leather armour    |       |     7 |    10 ||    17
       Troll leather arm |       |       |    34 ||    34
Dodge: Dodged            |     2 |     9 |    82 ||    93

Table legend: (Time is in decaauts)
 A = Elapsed time spent in this place.
 B = Non-inter-level travel time spent in this place.
 C = Inter-level travel time spent in this place.
 D = Time resting spent in this place.
 E = Time spent auto-exploring this place.
 F = Levels seen in this place.
 G = Mean time per level.
                   A        B        C        D        E       F      G
               +--------+--------+--------+--------+--------+-----+--------+
         Total |   6367 |   5994 |    373 |    237 |   4008 |   9 |  707.4 |
       Dungeon |   5665 |   5320 |    345 |    237 |   3470 |   7 |  809.3 |
        Temple |    400 |    372 |     28 |      0 |    370 |   1 |  400.0 |
         Sewer |    300 |    300 |      0 |      0 |    168 |   1 |  300.0 |
               +--------+--------+--------+--------+--------+-----+--------+

Top non-repeatable levels by time:
     D:4: 1306 daAuts
     D:2: 1101 daAuts
     D:6: 1067 daAuts
     D:3: 913 daAuts
     D:1: 727 daAuts
     D:5: 501 daAuts
  Temple: 400 daAuts
   Sewer: 300 daAuts
     D:7: 47 daAuts
